 Dungeon Crawl Stone Soup version 0.26.1 (webtiles) character file.

Game seed: 2716080582466641209

28 pokeman the Magician (level 3, 0/20 HPs)
             Began as a Deep Elf Hedge Wizard on Feb 5, 2021.
             Succumbed to an adder's poison
             ... on level 1 of the Dungeon on Feb 6, 2021.
             The game lasted 00:03:07 (1936 turns).

pokeman the Magician (Deep Elf Hedge Wizard)        Turns: 1936, Time: 00:03:07

Health: 0/20       AC:  2    Str:  7    XL:     3   Next: 0%
Magic:  3/11       EV: 13    Int: 19    God:
Gold:   54         SH:  0    Dex: 14    Spells: 1/12 levels left

rFire    . . .     SeeInvis .   a - +0 dagger
rCold    . . .     Faith    .   (no shield)
rNeg     . . .     Spirit   .   b - +0 robe
rPois    .         Reflect  .   c - +0 hat
rElec    .         Harm     .   (no cloak)
rCorr    .         Rampage  .   (no gloves)
Will     .....                  (no boots)
Stlth    ++........             (no amulet)
HPRegen  0.06/turn              (no ring)
MPRegen  0.12/turn              (no ring)

@: lethally poisoned (0 -> -4), hasted, very quick
A: no striking features
a: no special abilities


You were on level 1 of the Dungeon.
You visited 1 branch of the dungeon, and saw 2 of its levels.

You collected 54 gold pieces.

Inventory:

Hand Weapons
 a - a +0 dagger (weapon)
Armour
 b - a +0 robe (worn)
 c - a +0 hat (worn)
 g - a +0 buckler
Scrolls
 d - 2 scrolls of teleportation {unknown}
 e - a scroll of identify {unknown}
 h - a scroll of fog {unknown}
 i - a scroll of remove curse {unknown}
Potions
 f - a potion of haste


   Skills:
 + Level 0.7 Fighting
 + Level 0.7 Armour
 - Level 2.4 Dodging
 - Level 2.4 Stealth
 * Level 5.1 Spellcasting
 + Level 1.7 Conjurations
 - Level 1.1 Summonings
 - Level 1.1 Translocations


You had one spell level left.
You knew the following spells:

 Your Spells              Type           Power        Failure   Level
a - Magic Dart            Conj           44%          6%          1
b - Mephitic Cloud        Conj/Pois/Air  7%           28%         3
c - Call Imp              Summ           9%           12%         2
d - Blink                 Tloc           N/A          12%         2
e - Conjure Flame         Conj/Fire      8%           26%         3

Your spell library contained the following spells:

 Spells                   Type           Power        Failure   Level
 Slow                     Hex            4%           19%         2


Dungeon Overview and Level Annotations

Branches:
Dungeon (2/15)

Altars:


Message History

* * * LOW HITPOINT WARNING * * *
* * * LOW HITPOINT WARNING * * *
You feel sick. The adder bites you but does no damage. The kobold misses you.
The ooze completely misses you. A mysterious force pulls you upwards.
The hatch slams shut behind you.
Unknown command.
Unknown command.
Casting: Magic Dart (safe; 6% risk of failure)
Confirm with . or Enter, or press ? or * to list all spells.
You blink.
* * * LOW HITPOINT WARNING * * *
You feel sick.
Unknown command.
It was a potion of haste.
You feel yourself speed up. The ooze hits you but does no damage.
* * * LOW HITPOINT WARNING * * *
You feel sick.
* * * LOW HITPOINT WARNING * * *
You feel sick.
You die...

## ### ### ###
.###########.#########.####.#
................@........##.#####
....................##J####......
.##########..#########........###
.##########.................#.#
......................J.......###
........###..######...S..........
.##.....# #..# #.##K##.#...###
.##.....# #..# #.##.##.#...###
.##.....###..######...........#.#


You could see an ooze.

Vanquished Creatures
  2 dart slugs
  2 leopard geckos (D:1)
  4 bats
  3 giant cockroaches (D:1)
  3 hobgoblins (D:1)
  3 kobolds
  5 rats
22 creatures vanquished.

Notes
Turn   | Place    | Note
-------+----------+-------------------------------------------
     0 | D:1      | pokeman the Deep Elf Hedge Wizard began the quest for the
                  | Orb.
     0 | D:1      | Reached XP level 1. HP: 10/10 MP: 7/7
   746 | D:1      | Reached XP level 2. HP: 16/16 MP: 6/9
  1212 | D:1      | Reached skill level 5 in Spellcasting
  1621 | D:1      | Reached XP level 3. HP: 2/20 MP: 3/11
  1625 | D:1      | Learned a level 3 spell: Mephitic Cloud
  1628 | D:1      | Learned a level 2 spell: Call Imp
  1631 | D:1      | Learned a level 2 spell: Blink
  1635 | D:1      | Learned a level 3 spell: Conjure Flame
  1930 | D:1      | HP: 1/20 [poisoned by an adder]
  1936 | D:1      | Succumbed to an adder's poison

Illustrated notes

Levels and vault maps discovered:
D:1:      amcnicky_arrival_feature_with_door, layout_basic
D:2:      layout_loops_cross, item_on_display_a, uniq_sigmund

Skill      XL: |  1  2 |
---------------+-------+-----
Spellcasting   | 5 |  5.1
Fighting       | |  0.7
Armour         | |  0.7
Dodging        | |  2.4
Stealth        | |  2.4
Conjurations   | |  1.7
Summonings     | |  1.1
Translocations | |  1.1

Action                   || total
-------------------------++-------
Melee: Dagger            ||    27
 Cast: Magic Dart        ||    66
       Mephitic Cloud    ||     1
       Blink             ||     1
  Use: Potion            ||     1
 Stab: Sleeping          ||     1
Armor: Robe              ||    10
Dodge: Dodged            ||    42
